 Dungeon Crawl Stone Soup version 0.20-a0-622-g01f5896 (webtiles) character file.

205 Alarkh the Grave Robber (level 5, -4/36 HPs)
             Began as a Mummy Necromancer on Feb 9, 2017.
             Slain by a sky beast (6 damage)
             ... on level 5 of the Dungeon.
             The game lasted 00:05:30 (3075 turns).

Alarkh the Grave Robber (Mummy Necromancer)         Turns: 3075, Time: 00:05:31

Health: -4/36      AC:  3    Str: 11    XL:     5   Next: 53%
Magic:  0/12       EV: 12    Int: 15    God:
Gold:   234        SH:  0    Dex: 13    Spells: 12/13 levels left

rFire    x . .     SeeInvis +   a - +0 dagger
rCold    + . .     Gourm    .   f - +0 robe
rNeg     + + +     Faith    .   (no shield)
rPois    ∞         Spirit   +   (no helmet)
rElec    .         Reflect  .   n - +0 cloak
rCorr    .         Harm     .   (no gloves)
MR       .....                  (no boots)
Stlth    ++........             p - amulet of guardian spirit
Regen    0.2/turn               h - ring of see invisible
                                (no ring)

@: no status effects
A: no food or potions, fire vulnerability, cold resistance 1, negative energy
resistance 3, torment resistance, unbreathing
a: no special abilities


You were on level 5 of the Dungeon.
You were not hungry.

You visited 1 branch of the dungeon, and saw 5 of its levels.

You collected 234 gold pieces.

Inventory:

Hand Weapons
 a - a +0 dagger (weapon)
Armour
 f - a +0 robe (worn)
 n - a +0 cloak (worn)
Magical Staves
 b - an uncursed staff of death
Jewellery
 d - an uncursed ring of teleportation
 h - a ring of see invisible (right hand)
 k - an uncursed amulet of rage
 p - an amulet of guardian spirit (around neck)
Wands
 o - a wand of lightning (9/15)
Scrolls
 c - a scroll of enchant weapon
 e - 3 scrolls of identify
 g - 3 scrolls of remove curse
 i - 2 scrolls of immolation
 j - a scroll of amnesia
 l - a scroll of blinking
Books
 m - a book of Necromancy

   Spells                             Type                      Level
   a - Pain                           Necromancy                   1
   b - Animate Skeleton               Necromancy                   1
   c - Vampiric Draining              Necromancy                   3
   d - Regeneration                   Charms/Necromancy            3
   e - Animate Dead                   Necromancy                   4
   f - Control Undead                 Necromancy                   4
 q - a book of Misfortune

   Spells                             Type                      Level
   a - Confusing Touch                Hexes                        1
   b - Confuse                        Hexes                        3
   c - Gell's Gravitas                Hexes/Translocation          3
   d - Petrify                        Transmutation/Earth          4
   e - Metabolic Englaciation         Hexes/Ice                    5
   f - Yara's Violent Unravelling     Hexes/Transmutation          5


   Skills:
 + Level 0.6 Fighting
 + Level 0.8 Short Blades
 + Level 1.8 Dodging
 + Level 1.8 Stealth
 + Level 4.8 Spellcasting
 + Level 5.4 Necromancy


You had 12 spell levels left.
You knew the following spells:

 Your Spells              Type           Power        Failure   Level  Hunger
a - Pain                  Necr           ###.         1%          1    N/A

Dungeon Overview and Level Annotations

Branches:
Dungeon (5/15)
 Temple: D:4-7

Altars:
Cheibriados
Dithmenos
Hepliaklqana
Makhleb
Qazlal
Vehumet
Yredelemnul

Shops:
D:4 :

Annotations:
D:4 exclusion: statue


Innate Abilities, Weirdness & Mutations

You do not eat or drink.
Your flesh is vulnerable to fire.
You are immune to poison.
Your flesh is cold resistant. (rC+)
You are immune to negative energy. (rN+++)
You are immune to unholy pain and torment.
You can survive without breathing.


Message History

The sky beast barely misses you. The sky beast misses you.
a - a +0 dagger (weapon)
You hit the sky beast but do no damage.
The sky beast is severely wounded.
The sky beast hits you.
* * * LOW HITPOINT WARNING * * *
The sky beast shocks you.
* * * LOW HITPOINT WARNING * * *
You hit the sky beast but do no damage.
The sky beast is severely wounded.
The sky beast hits you but does no damage.
You hit the sky beast but do no damage.
The sky beast is severely wounded.
The sky beast misses you.
You hit the sky beast.
The sky beast is almost dead.
The sky beast hits you.
* * * LOW HITPOINT WARNING * * *
The sky beast shocks you.
You die...

#.#.#.#.#..
#..........#
#.#.#.#.#....
##..........s..
#..#.#.#.#.....
###.............#
####....#.#.#.#..>#
#.....@Y...........
.......####.........
......# ##...###.
.....# ##..# .....
#<.# .... #..# ...
#..# ... ##.# .#


You could see a sky beast.

Vanquished Creatures
  A scorpion (D:4)
  5 adders
  2 oozes
  3 worms
  4 leopard geckos
  11 orcs
  6 giant cockroaches
  6 goblins
  5 hobgoblins
  4 jackals (D:2)
  10 kobolds
  2 quokkas (D:3)
  4 bats
  12 frilled lizards
  10 rats
  A spectral orc (D:3)
86 creatures vanquished.

Notes
Turn   | Place    | Note
-------+----------+-------------------------------------------
     0 | D:1      | Alarkh the Mummy Necromancer began the quest for the Orb.
     0 | D:1      | Reached XP level 1. HP: 13/13 MP: 4/4
   111 | D:1      | Reached XP level 2. HP: 16/19 MP: 1/5
   271 | D:1      | You fall through a shaft!
   271 | D:2      | Found a hazy altar of Hepliaklqana.
   381 | D:2      | Reached XP level 3. HP: 4/24 MP: 0/7
   747 | D:2      | Found a shadowy altar of Dithmenos.
  1099 | D:1      | Reached XP level 4. HP: 30/30 MP: 4/9
  1752 | D:3      | Reached skill level 5 in Necromancy
  1801 | D:3      | Found a basalt altar of Yredelemnul.
  2068 | D:3      | Found a faded altar of an unknown god.
  2157 | D:3      | Became a worshipper of Makhleb the Destroyer
  2157 | D:3      | Reached * piety under Makhleb
  2158 | D:3      | Fell from the grace of Makhleb
  2181 | D:3      | Reached XP level 5. HP: 36/36 MP: 2/11
  2370 | D:4      | Found Luclufy's Book Emporium.
  2371 | D:4      | Found a snail-covered altar of Cheibriados.
  2468 | D:4      | Noticed a smoke demon
  2729 | D:4      | Found a stormy altar of Qazlal.
  2817 | D:4      | Found a radiant altar of Vehumet.
  2817 | D:4      | Noticed a frost-covered statue
  3056 | D:5      | Entered Level 5 of the Dungeon
  3056 | D:5      | Noticed a sky beast
  3075 | D:5      | Slain by a sky beast

Vault maps used:
D:1:      minmay_arrival_split_and_join
D:2:      lemuel_round_altar, marbit_many_paths, first_bread, minmay_lizard_pond
D:3:      yredelemnul_forgotten_temple_becter,
          chequers_ecumenical_altar_simple_redux
D:4:      cheibriados_altar_1, vehumet_statue, minitemple, kennysheep_mini,
          serial_shops, nicolae_shop_crystal, serial_glass, glass_columns_a,
          glass_columns_b
D:5:      minmay_temple_entry_junction_2, serial_glass, glass_columns_c,
          glass_columns_c, uniq_edmund

Skill      XL: |  1  2  3  4 |
---------------+-------------+-----
Spellcasting   | 3 4 |  4.8
Necromancy     | 5 |  5.4
Fighting       | |  0.6
Short Blades   | |  0.8
Dodging        | |  1.8
Stealth        | |  1.8

Action                   |  1- 3 |  4- 6 || total
-------------------------+-------+-------++-------
Melee: Unarmed           |     1 |       ||     1
       Dagger            |    32 |    64 ||    96
       Staff             |       |     1 ||     1
 Cast: Pain              |    63 |    98 ||   161
Invok: Renounce Religion |       |     1 ||     1
  Use: Scroll            |       |     7 ||     7
 Stab: Sleeping          |       |     1 ||     1
Armor: Robe              |    11 |    22 ||    33
Dodge: Dodged            |    37 |    63 ||   100
